 Dungeon Crawl Stone Soup version 0.31.0-32-g396128a36d (webtiles) character file.

Game seed: 11579487621305292845

303 Henri the Ruffian (level 6, -2/42 HPs)
             Began as an Octopode Shapeshifter on Apr 10, 2024.
             Slain by an ogre
             ... wielding a +0 giant club
              (19 damage)
             ... on level 4 of the Dungeon.
             The game lasted 00:06:26 (3186 turns).

Henri the Ruffian (Octopode Shapeshifter)           Turns: 3186, Time: 00:06:26

Health: -2/42      AC:  1    Str: 15    XL:     6   Next: 38%
Magic:  6/6        EV: 13    Int:  9    God:
Gold:   144        SH:  0    Dex: 13    Spells: 5/5 levels left

rFire   + .          .
                       - Unarmed
rCold   . . .        (no shield)
rNeg    . . .        (helmet currently unavailable)
rPois   .            (no amulet)
rElec   .            n - ring "Cuofeem" {rF+ Int-4 Dex+2 SInv}
rCorr   .            (no ring)
SInv    +            (no ring)
Will    .....        (no ring)
Stlth   ++           (no ring)
HPRegen 0.27/turn    (no ring)
MPRegen 0.10/turn    (no ring)
                     (no ring)

%: no passive effects
@: beast-form
A: beast (slay +2), almost no armour, amphibious, 8 rings, camouflage 1,
gelatinous body 1, (nimble swimmer 1), tentacles
a: Begin Untransformation


You were on level 4 of the Dungeon.
You were a hulking beast.
You visited 1 branch of the dungeon, and saw 4 of its levels.

You collected 144 gold pieces.

Inventory:

Jewellery
 n - the ring "Cuofeem" (left tentacle) {rF+ Int-4 Dex+2 SInv}
   (You found it on level 3 of the Dungeon)

   [ring of see invisible]

   Int-4:     It affects your intelligence (-4).
   Dex+2:     It affects your dexterity (+2).
   rF+:       It protects you from fire.
   SInv:      It lets you see invisible.
Talismans
 b - a beast talisman
 c - a flux talisman
Scrolls
 d - 3 scrolls of identify {unknown}
 e - a scroll of torment {unknown}
 f - a scroll of enchant armour {unknown}
 h - a scroll of noise {unknown}
 i - a scroll of teleportation {unknown}
 j - a scroll of enchant weapon {unknown}
 l - a scroll of butterflies {unknown}
Potions
 a - a potion of lignification
 g - a potion of curing {unknown}
 k - a potion of attraction {unknown}
 m - a potion of resistance {unknown}
 o - a potion of heal wounds {unknown}


   Skills:
 + Level 3.4 Fighting
 - Level 2.0 Dodging
 * Level 5.6 Unarmed Combat
 - Level 3.5 Shapeshifting


You had 5 spell levels left.
You didn't know any spells.
Your spell library was empty.

Dungeon Overview and Level Annotations

Branches:
Dungeon (4/15)
 Temple: D:4-7

Altars:
Kikubaaqudgha
Uskayaw

Shops:
D:1 !

Annotations:
D:3 3 runed translucent doors, TangoThomas's ghost, amateur DsHu


Innate Abilities, Weirdness & Mutations

You are a hulking beast.
Your limbs bulge with bestial killing power. (Slay +2)
You cannot wear most types of armour.
You are amphibious.
You can wear up to eight rings at the same time.
Your skin changes colour to match your surroundings (Stealth+).
Your rubbery body absorbs attacks. (AC +1, EV +1)
((You are camouflaged when in or above water. (Stealth+)))
You have tentacles for arms and can constrict up to eight enemies at once.


Message History

The orc wizard flickers and vanishes for a moment.
You tentacle-slap the orc wizard. You squeeze the orc wizard.
You kill the orc wizard!
The jackal bites you.
You have reached level 6!
You tentacle-slap the jackal. Your grab misses the jackal.
You squeeze the jackal.
You kill the jackal!
You tentacle-slap the scorpion. You grab the scorpion.
The scorpion is moderately wounded.
You constrict the scorpion. The scorpion stings you.
You tentacle-slap the scorpion.
Your tentacle-slap misses the scorpion.
The scorpion is severely wounded.
You constrict the scorpion, but do no damage.
The scorpion barely misses you.
You tentacle-slap the scorpion. You squeeze the scorpion.
You kill the scorpion!
Items here: )) [[ ††.
You start resting.
HP restored.
The jackal barely misses you. The jackal bites you.
You bludgeon the jackal!
You kill the jackal!
You bludgeon the jackal!
You kill the jackal!
The ogre shouts!
You see here a jackal corpse.
You tentacle-slap the ogre. Your squeeze misses the ogre.
The ogre is lightly wounded.
The ogre hits you with a +0 giant club!!
Ouch! That really hurt!
You barely miss the ogre.
The ogre is lightly wounded.
The ogre misses you.
You tentacle-slap the ogre. You squeeze the ogre!
The ogre is heavily wounded.
You bludgeon the ogre!
The ogre is severely wounded.
The ogre hits you with a +0 giant club!!
You die...

## ####### ... [....# ##
#.. ....#####.####
#.##..###..##.......#
........#..##..###..#####
#.#..#....).............
##
#........##..###....##. #
.#
##..#.#.###.#.#......#.
## ># #.....h.#
#..........#. .#
#.#.#.##O###
######.....#. .#
#......†# ##...##. .#
##.##.###....O.. #......
.#######.O.# .......
##.#### .....##.###$o#
....... #.# .....Ooh#
............ #.#
..<..##.#
...##.......#####.##
.#######.. ##.#
.......#......#


You could see an ogre.

Vanquished Creatures
  A scorpion (D:4)
  Jessica (D:2)
  A sleepcap (D:4)
  An orc wizard (D:4)
  4 gnolls
  5 adders
  A white imp (D:3)
  A dart slug (D:3)
  A ribbon worm (D:2)
  8 orcs
  3 bats
  4 endoplasms
  5 giant cockroaches
  5 goblins
  2 hobgoblins
  4 jackals
  3 quokkas
  5 ball pythons
  7 frilled lizards
  3 kobolds
  5 rats
70 creatures vanquished.

Notes
Turn   | Place    | Note
-------+----------+-------------------------------------------
     0 | D:1      | Henri the Octopode Shapeshifter began the quest for the
                  | Orb.
     0 | D:1      | Reached XP level 1. HP: 13/13 MP: 1/1
   222 | D:1      | Reached XP level 2. HP: 17/18 MP: 2/2
   298 | D:1      | Found Qicwamp's Distillery.
   707 | D:2      | Reached XP level 3. HP: 17/23 MP: 3/3
   813 | D:2      | Noticed Jessica
   832 | D:2      | Killed Jessica
   833 | D:2      | Reached XP level 4. HP: 29/29 MP: 4/4
   878 | D:2      | Reached skill level 4 in Unarmed Combat
  1708 | D:3      | Reached XP level 5. HP: 34/35 MP: 5/5
  1861 | D:3      | Found a hide-covered altar of Uskayaw.
  1861 | D:3      | Found an ancient bone altar of Kikubaaqudgha.
  2305 | D:3      | Identified the ring "Cuofeem" {rF+ Int-4 Dex+2 SInv}
  2429 | D:3      | Found a runed translucent gate.
  2429 | D:3      | Found a runed translucent gate.
  2429 | D:3      | Found a runed translucent gate.
  2431 | D:3      | Noticed TangoThomas's ghost (amateur DsHu)
  2637 | D:4      | Noticed a phantom
  2641 | D:4      | Noticed a lemure
  2688 | D:4      | Reached skill level 5 in Unarmed Combat
  2947 | D:4      | Noticed an ogre
  3112 | D:4      | Reached XP level 6. HP: 29/42 MP: 6/6
  3186 | D:4      | Slain by an ogre

Illustrated notes

Levels and vault maps discovered:
D:1:      kilobyte_arrival_exit_the_forest, layout_basic, serial_shops,
          nicolae_shop_peninsula
D:2:      layout_basic, uniq_jessica
D:3:      layout_basic, mainiacjoe_overflow_large_starburst,
          gammafunk_ghost_necromancy
D:4:      layout_loops_cross, uniq_pikel, uniq_robin

Skill      XL: |  1  2  3  4  5 |
---------------+----------------+-----
Fighting       | 2 3 |  3.4
Unarmed Combat | 4 5 |  5.6
Dodging        | |  2.0
Shapeshifting  | |  3.5

Action                     |  1- 3 |  4- 6 || total
---------------------------+-------+-------++-------
  Melee: Unarmed           |    21 |   105 ||   126
         Tentacles         |     3 |    28 ||    31
         Constrict         |     3 |    29 ||    32
         Punch             |     2 |     2 ||     4
   Stab: Sleeping          |     7 |     5 ||    12
 Armour: Skin              |     3 |    48 ||    51
  Dodge: Dodged            |     5 |    55 ||    60
